 Dungeon Crawl Stone Soup version 0.30.2 (webtiles) character file.

Game seed: 3375153613409626537

14446 porpoise the Marksminotaur (level 11, -1/87 HPs)
             Began as a Minotaur Hunter on Feb 24, 2024.
             Was a High Priest of Hepliaklqana.
             Slain by a jumping spider (10 damage)
             ... on level 2 of the Lair of Beasts on Feb 25, 2024.
             The game lasted 00:40:24 (10685 turns).

porpoise the Marksminotaur (Minotaur Hunter)       Turns: 10685, Time: 00:40:27

Health: -1/87      AC: 10    Str: 20    XL:     11   Next: 88%
Magic:  15/15      EV:  8    Int:  6    God:    Hepliaklqana [*****.]
Gold:   1266       SH:  0    Dex: 17    Spells: 10/10 levels left

rFire   . . .        a - +1 shortbow
rCold   . . .        (shield currently unavailable)
rNeg    . . .        C - +3 leather armour
rPois   .            I - +2 hat {Stlth+}
rElec   .            (no cloak)
rCorr   .            M - +0 pair of gloves {Str+3}
SInv    .            (no boots)
Will    +....        x - amulet of regeneration
Stlth   +++          v - ring of willpower
HPRegen 1.14/turn    s - +4 ring of slaying
MPRegen 0.14/turn

%: no passive effects
@: lethally poisoned (-1 -> -28), held, studying Armour
A: reduced essence, horns 2, retaliatory headbutt
a: Renounce Religion, Recall Ancestor, Ancestor Identity, Transference, Idealise


You were on level 2 of the Lair of Beasts.
You worshipped Hepliaklqana.
Hepliaklqana was extremely pleased with you.
You visited 3 branches of the dungeon, and saw 13 of its levels.
You also visited: Ossuary and Bailey.

You collected 1554 gold pieces.
You spent 288 gold pieces at shops.

Inventory:

Hand Weapons
 a - a +1 shortbow (weapon)
 b - a +1 short sword of draining
Armour
 C - a +3 leather armour (worn)
 I - a +2 hat of stealth (worn)
 M - a +0 pair of gloves of strength (worn)
Jewellery
 h - a ring of protection from fire
 s - a +4 ring of slaying (right hand)
 v - a ring of willpower (left hand)
 x - an amulet of regeneration (around neck)
 O - a ring of ice
Wands
 q - a wand of quicksilver (11)
 t - a wand of polymorph (27)
 E - a wand of roots (20)
 G - a wand of digging (4)
 K - a wand of paralysis (8)
 V - a wand of flame (26)
Scrolls
 c - a scroll of blinking {unknown}
 d - a scroll of silence {unknown}
 n - 3 scrolls of poison
 y - 2 scrolls of fog
 S - 7 scrolls of teleportation
Potions
 e - 7 potions of might
 l - 3 potions of attraction
 m - 5 potions of curing
 o - 9 potions of heal wounds
 p - 6 potions of haste
 z - 3 potions of lignification
 D - 3 potions of ambrosia
 L - 2 potions of cancellation
 R - 3 potions of invisibility
 T - a potion of berserk rage
Miscellaneous
 X - a piece from Xom's chessboard (15/15)
 Y - a lightning rod (4/4)


   Skills:
 + Level 9.4 Fighting
 - Level 16.0 Ranged Weapons
 - Level 9.0 Armour
 + Level 5.9 Dodging
 - Level 0.7 Stealth
 - Level 7.0 Invocations
 + Level 1.1 Evocations


You had 10 spell levels left.
You didn't know any spells.
Your spell library contained the following spells:

 Spells                   Type           Power      Damage    Failure   Level
 Freeze                   Ice            0%         1d3       50%         1
 Slow                     Hex            0%         N/A       50%         1
 Sting                    Tmut/Pois      0%         1d3       50%         1
 Ensorcelled Hibernation  Hex/Ice        0%         N/A       65%         2
 Poisonous Vapours        Pois/Air       0%         N/A       65%         2
 Confusing Touch          Hex            0%         N/A       86%         3
 Frozen Ramparts          Ice            0%         1d1       86%         3
 Hailstorm                Conj/Ice       0%         3d3       86%         3
 Ozocubu's Armour         Ice            0%         N/A       86%         3
 Spider Form              Tmut/Pois      0%         N/A       86%         3
 Vampiric Draining        Necr           0%         2d6       86%         3
 Anguish                  Hex/Necr       0%         N/A       99%         4
 Olgreb's Toxic Radiance  Pois           0%         N/A       99%         4
 Metabolic Englaciation   Hex/Ice        0%         N/A       100%        5
 Summon Forest            Summ/Tloc      0%         N/A       100%        5
 Summon Mana Viper        Hex/Summ       0%         N/A       100%        5
 Simulacrum               Ice/Necr       0%         N/A       100%        6
 Summon Cactus Giant      Summ           0%         N/A       100%        6


Dungeon Overview and Level Annotations

Branches:
Dungeon (10/15)            Temple (1/1) D:4            Lair (2/5) D:10
 Spider (0/4) Lair:2      Ossuary (visited)          Bailey (visited)
  Swamp: Lair:2-3    Shoals: Lair:2-3       Orc: D:9-12

Altars:
Ashenzari
Cheibriados
Fedhas
Gozag
Hepliaklqana
Kikubaaqudgha
Makhleb
Nemelex Xobeh
Okawaru
Qazlal
Ru
Sif Muna
Trog
Uskayaw
Vehumet
Xom
Yredelemnul
Zin
The Shining One

Shops:
D:3 !   D:6 [   D:10 [


Innate Abilities, Weirdness & Mutations

Your life essence is reduced to manifest your ancestor. (-10% HP)
You have a pair of horns on your head.
You reflexively headbutt those who attack you in melee.


Message History

The jumping spider misses you. The culicivora closely misses you.
You furiously retaliate!
You headbutt the culicivora!
You kill the culicivora!
You shoot an arrow. The arrow hits the wolf spider.
The wolf spider is severely wounded.
You feel very sick.
The wolf spider closely misses you. x2; The jumping spider closely misses you.
You furiously retaliate!
You headbutt the jumping spider! The jumping spider barely misses you.
The wolf spider hits you but does no damage.
The wolf spider bites you.
You are more poisoned.
The wolf spider poisons you!
You are too injured to fight recklessly!
Unknown command.
You shoot an arrow. The arrow hits the wolf spider!
The wolf spider is almost dead.
You feel extremely sick.
The jumping spider closely misses you. x2; The wolf spider hits you.
* * * LOW HITPOINT WARNING * * *
The wolf spider bites you.
* * * LOW HITPOINT WARNING * * *
You are more poisoned.
The wolf spider poisons you!
You feel better. The jumping spider pounces on you.
You are caught in a web!
The jumping spider bites you. The wolf spider hits you!
* * * LOW HITPOINT WARNING * * *
The wolf spider bites you.
* * * LOW HITPOINT WARNING * * *
You are lethally poisoned!
The wolf spider poisons you! The jumping spider pounces on you.
* * * LOW HITPOINT WARNING * * *
The jumping spider bites you but does no damage.
You feel better. The wolf spider hits you.
* * * LOW HITPOINT WARNING * * *
The wolf spider bites you!
* * * LOW HITPOINT WARNING * * *
You are lethally poisoned!
The wolf spider poisons you! The jumping spider pounces on you!
You die...

...†#####.....###
P.#.
#..........†.# .
..##.#........#
###.....#..#.#
#.#.##...[.....
##....#P.#..#.#
##...#####.##
#....## ##..@s#
#..†s..#
####^.^^.#
#.....# #./^^^
..... ##..> #.[


You could see a wolf spider and a jumping spider.

Vanquished Creatures
  Harold (Lair:1)
  Pikel (D:6)
  A manticore (D:9)
  2 black mambas
  A cane toad (Lair:2)
  Maggie (D:6)
  A komodo dragon (D:10)
  A rime drake (Lair:2)
  2 polar bears (Lair:1)
  A culicivora (Lair:2)
  23 yaks
  2 steam dragons
  2 water moccasins
  2 orc warriors
  A sky beast (D:8)
  2 ice beasts
  5 ogres
  2 centaurs
  2 lemures (D:6)
  2 kobold brigands
  5 bullfrogs
  A gnoll sergeant (D:7)
  A scorpion (D:4)
  5 water moccasin zombies (Ossuary)
  8 wights
  A jelly (D:7)
  5 killer bees (D:10)
  5 howler monkeys
  An electric eel (Lair:1)
  A crimson imp (D:6)
  4 gnoll boudas
  5 hounds
  7 orc priests
  3 iguanas
  7 orc wizards
  A sleepcap (D:4)
  Ijyb (D:4)
  Natasha (thrice) (D:4)
  2 mummies (Ossuary)
  36 gnolls
  4 adders
  3 white imps
  4 adder zombies (Ossuary)
  3 worms (D:2)
  4 dart slugs
  41 orcs
  4 endoplasms
  4 giant cockroaches
  5 gnoll zombies (Ossuary)
  9 goblins
  9 hobgoblins
  11 jackals
  6 quokkas
  14 ball pythons
  6 bats
  3 hobgoblin zombies (Ossuary)
  12 kobolds
  4 kobold zombies (Ossuary)
  5 orc zombies (Ossuary)
  A rat (D:1)
309 creatures vanquished.

Vanquished Creatures (collateral kills)
  A hydra (Lair:2)
  A cane toad (Lair:2)
  A komodo dragon (D:10)
  A polar bear (Lair:1)
  2 hornets (D:9)
  A wraith (D:9)
  2 yaks (Lair:2)
  A wyvern (D:9)
  An orc warrior (Bailey)
  A gnoll sergeant (D:10)
  A killer bee (D:10)
  A howler monkey (D:8)
  2 orc priests
  An orc wizard (D:6)
  2 gnolls (D:10)
  3 orcs
  A goblin (D:7)
  A kobold (D:8)
24 creatures vanquished.

Vanquished Creatures (others)
  4 knights
  3 ancestors (D:6)
7 creatures vanquished.

Grand Total: 340 creatures vanquished

Notes
Turn   | Place    | Note
-------+----------+-------------------------------------------
     0 | D:1      | porpoise the Minotaur Hunter began the quest for the Orb.
     0 | D:1      | Reached XP level 1. HP: 18/18 MP: 0/0
   136 | D:1      | Reached XP level 2. HP: 25/25 MP: 1/1
   258 | D:1      | Reached skill level 5 in Ranged Weapons
   468 | D:1      | Reached XP level 3. HP: 29/31 MP: 2/2
   826 | D:2      | Reached XP level 4. HP: 29/39 MP: 3/3
  1744 | D:3      | Reached skill level 6 in Ranged Weapons
  1779 | D:3      | Reached XP level 5. HP: 44/46 MP: 4/4
  1794 | D:3      | Reached skill level 1 in Armour
  1896 | D:3      | Found Daduirio's Distillery.
  1922 | D:3      | Bought a potion of curing for 36 gold pieces
  2332 | D:4      | Found a staircase to the Ecumenical Temple.
  2370 | Temple   | Entered the Ecumenical Temple
  2399 | Temple   | Became a worshipper of Hepliaklqana the Forgotten
  2479 | D:4      | Reached XP level 6. HP: 53/53 MP: 5/5
  2609 | D:4      | Reached skill level 7 in Ranged Weapons
  2652 | D:4      | Noticed an orc warrior
  2663 | D:4      | Killed an orc warrior
  2664 | D:4      | Reached skill level 5 in Fighting
  2666 | D:4      | Reached XP level 7. HP: 14/61 MP: 6/6
  2808 | D:4      | Noticed Natasha
  2811 | D:4      | Killed Natasha
  2854 | D:4      | Reached skill level 8 in Ranged Weapons
  3192 | D:4      | Noticed Ijyb
  3197 | D:4      | Killed Ijyb
  3302 | D:4      | Noticed Natasha
  3307 | D:4      | Killed Natasha
  3460 | D:4      | Noticed Natasha
  3468 | D:4      | Killed Natasha
  3491 | D:5      | Entered Level 5 of the Dungeon
  3585 | D:4      | Reached XP level 8. HP: 70/70 MP: 7/7
  3600 | D:5      | Identified a scroll of acquirement
  3600 | D:5      | Acquired 839 gold pieces
  3639 | D:5      | Found a broken altar of Ashenzari.
  3697 | D:5      | Reached skill level 9 in Ranged Weapons
  3737 | D:5      | Reached skill level 5 in Armour
  3853 | D:5      | Identified the +6 dagger of Jaufuq {elec, Str+3 SInv}
  4029 | D:5      | Found a glowing golden altar of the Shining One.
  4225 | D:5      | Found a sand-covered staircase.
  4234 | Ossuary  | Entered an ossuary
  4304 | Ossuary  | Reached skill level 10 in Ranged Weapons
  4667 | D:6      | Reached * piety under Hepliaklqana
  4801 | D:6      | Noticed Pikel
  4813 | D:6      | Killed Pikel
  4814 | D:6      | Reached skill level 11 in Ranged Weapons
  4814 | D:6      | Reached XP level 9. HP: 73/73 MP: 8/8
  4887 | D:6      | Found Vehoph's Armour Shop.
  4939 | D:6      | Bought a +2 hat of stealth for 252 gold pieces
  4977 | D:6      | Found a blossoming altar of Fedhas.
  4977 | D:6      | Found a basalt altar of Yredelemnul.
  4990 | D:6      | Found a sparkling altar of Nemelex Xobeh.
  4992 | D:6      | Noticed Maggie
  5229 | D:6      | Found a burning altar of Makhleb.
  5488 | D:6      | Found a sacrificial altar of Ru.
  5488 | D:6      | Found a radiant altar of Vehumet.
  5498 | D:6      | Killed Maggie
  5499 | D:6      | Reached skill level 12 in Ranged Weapons
  5520 | D:6      | Found a glowing silver altar of Zin.
  5681 | D:7      | Reached skill level 1 in Invocations
  5841 | D:7      | Found a flagged portal.
  5887 | Bailey   | Entered a bailey
  6085 | Bailey   | Reached XP level 10. HP: 42/81 MP: 10/10
  6208 | D:7      | Reached ** piety under Hepliaklqana
  6209 | D:7      | Remembered your ancestor Nikki as a knight
  6380 | D:7      | Found an ancient bone altar of Kikubaaqudgha.
  6753 | D:8      | Reached skill level 13 in Ranged Weapons
  7167 | D:8      | Found a hide-covered altar of Uskayaw.
  7184 | D:8      | Found a stormy altar of Qazlal.
  7622 | D:9      | Noticed a manticore
  7632 | D:9      | Killed a manticore
  7743 | D:9      | Reached skill level 14 in Ranged Weapons
  7795 | D:9      | Reached *** piety under Hepliaklqana
  8049 | D:9      | Found a shimmering altar of Xom.
  8233 | D:9      | Reached skill level 5 in Invocations
  8374 | D:9      | Reached XP level 11. HP: 87/87 MP: 13/13
  8442 | D:10     | Entered Level 10 of the Dungeon
  8594 | D:10     | Identified the +1 robe of Zekhluhocw {Int+4}
  8670 | D:10     | Reached **** piety under Hepliaklqana
  8880 | D:10     | Found a staircase to the Lair.
  8941 | D:10     | Reached skill level 15 in Ranged Weapons
  9128 | D:10     | Found Ysudir's Antique Armour Emporium.
  9324 | Lair:1   | Entered Level 1 of the Lair of Beasts
  9468 | Lair:1   | Noticed Harold
  9485 | Lair:1   | Killed Harold
  9900 | Lair:1   | Reached ***** piety under Hepliaklqana
 10484 | Lair:2   | Noticed a six-headed hydra
 10494 | Lair:2   | Killed a six-headed hydra
 10507 | Lair:2   | Reached skill level 5 in Dodging
 10540 | Lair:2   | Reached skill level 16 in Ranged Weapons
 10641 | Lair:2   | Reached skill level 1 in Evocations
 10669 | Lair:2   | Found a hole to the Spider Nest.
 10670 | Lair:2   | Noticed a wolf spider
 10685 | Lair:2   | Slain by a jumping spider

Illustrated notes

Levels and vault maps discovered:
D:1:      tarquinn_simple_flora_water_e, layout_loops_ring
D:2:      layout_basic
D:3:      layout_rooms, serial_shops, shop
D:4:      layout_loops_ring, minmay_temple_entry_statues,
          guppyfry_early_orc_mine, uniq_ijyb, uniq_natasha
D:5:      layout_rooms, lemuel_coloured_pillars_altar,
          nicolae_overflow_crystal_walls, nicolae_ossuary_entry_ruins,
          nicolae_concentric_dashed_squares_mild, item_on_display_a
D:6:      layout_rooms, makhleb_grotto_becter,
          nicolae_overflow_hallway_of_the_gods, serial_shops,
          nicolae_shop_waterfront, uniq_maggie, uniq_pikel
D:7:      nicolae_cairo_tiling, layout_basic, kiku_gazebo_garden_becter,
          enter_bailey_5
D:8:      layout_cave_pods, nicolae_uskayaw_dance_hall,
          nicolae_qazlal_general_emergency
D:9:      layout_irregular_city, xom_butterflies, nicolae_eternal_life
D:10:     layout_irregular_city, david_lair_shrubbed, serial_shops, shop
Temple:   compressed_dpeg_triangle_lava_temple
Lair:1:   layout_regular_city, serial_rivers, chequers_serial_rivers_micro_c,
          chequers_serial_rivers_large_b, chequers_serial_rivers_large_a,
          chequers_serial_rivers_marsh, chequers_serial_rivers_micro_b,
          cheibrodos_lair_lostbears, lemuel_fruit_tree, serial_bayou_shore_b,
          infiniplex_staircase_pool, uniq_harold
Lair:2:   layout_loops_ring, spider_nest_entry_funnel_web,
          chequers_serial_rivers_micro_b, kennysheep_rathole

Skill      XL: |  1  2  3  4  5  6  7  8  9 10 11 |
---------------+----------------------------------+-----
Fighting       | 3 4 5 6 8 9 |  9.4
Ranged Weapons | 5 6 7 8 11 12 14 16 | 16.0
Armour         | 2 3 4 5 6 9 |  9.0
Invocations    | 2 5 7 |  7.0
Dodging        | 5 |  5.9
Evocations     | 1 |  1.1
Stealth        | |  0.7

Action                     |  1- 3 |  4- 6 |  7- 9 | 10-12 || total
---------------------------+-------+-------+-------+-------++-------
  Melee: Shortbow          |       |     1 |       |       ||     1
         Dagger            |       |       |       |     4 ||     4
   Fire: Shortbow          |   122 |   150 |   479 |   459 ||  1210
 Invoke: Ancestor Identity |       |       |     2 |       ||     2
         Ancestor Life: Kn |       |       |       |     1 ||     1
    Use: Scroll            |       |     3 |    13 |    10 ||    26
         Potion            |       |       |       |     3 ||     3
 Armour: Leather armour    |    12 |     5 |    37 |    37 ||    91
         Ring mail         |       |     9 |     8 |       ||    17
  Dodge: Dodged            |    25 |    34 |   103 |    75 ||   237
  Block: Other             |    13 |     8 |       |       ||    21
         Reflection        |     1 |       |       |       ||     1
